 Dungeon Crawl Stone Soup version 0.31.0-11-ge490571c62 (webtiles) character file.

Game seed: 17482015249954305385

97 Gadfly the Ducker (level 4, -1/35 HPs)
             Began as a Demonspawn Monk on Jan 28, 2024.
             Slain by an orc
             ... wielding a +0 hand axe
              (4 damage)
             ... on level 3 of the Dungeon.
             The game lasted 00:02:58 (1910 turns).

Gadfly the Ducker (Demonspawn Monk)                 Turns: 1910, Time: 00:02:59

Health: -1/35      AC:  3    Str: 13    XL:     4   Next: 42%
Magic:  4/4        EV: 13    Int: 11    God:
Gold:   123        SH:  4    Dex: 15    Spells: 3/3 levels left

rFire   . . .        b - +1 hand axe (flame)
rCold   . . .        c - orb {light}
rNeg    . . .        a - +1 robe
rPois   .            (no helmet)
rElec   .            (no cloak)
rCorr   .            (no gloves)
SInv    .            (no boots)
Will    .....        (no amulet)
Stlth   +            (no ring)
HPRegen 0.25/turn    (no ring)
MPRegen 0.09/turn

%: no passive effects
@: glowing
A: condensation shield
a: no special abilities


You were on level 3 of the Dungeon.
You visited 1 branch of the dungeon, and saw 3 of its levels.

You collected 133 gold pieces.
You spent 10 gold pieces at shops.

Inventory:

Hand Weapons
 b - a +1 hand axe of flaming (weapon)
Armour
 a - a +1 robe (worn)
 c - an orb of light (worn)
Scrolls
 f - a scroll of identify
Potions
 d - 3 potions of heal wounds
 g - a potion of attraction


   Skills:
 - Level 3.0 Fighting
 + Level 3.1 Dodging
 + Level 3.1 Unarmed Combat
 * Level 2.3 Evocations
 * Level 1.6 Shapeshifting


You had 3 spell levels left.
You didn't know any spells.
Your spell library contained the following spells:

 Spells                   Type           Power      Damage    Failure   Level
 Call Imp                 Summ           0%         N/A       47%         2
 Sublimation of Blood     Necr           0%         N/A       47%         2
 Summon Hydra             Summ           0%         N/A       100%        7


Dungeon Overview and Level Annotations

Branches:
Dungeon (3/15)

Altars:

Shops:
D:2 !


Innate Abilities, Weirdness & Mutations

A meltable shield of frost defends you. (SH +4)


Message History

You completely miss the gnoll.
The gnoll is severely wounded.
The gnoll closely misses you.
You hit the gnoll. You burn the gnoll.
You kill the gnoll!
You have reached level 4!
You feel clever.
You slash the orc wizard! You burn the orc wizard.
The orc wizard is severely wounded.
The orc wizard hits you with a +0 dagger.
* * * LOW HITPOINT WARNING * * *
You hit the orc. You burn the orc.
The orc is moderately wounded.
The orc hits you but does no damage.
You slash the orc! You burn the orc.
You kill the orc!
You hit the orc but do no damage. You hit the orc wizard.
You burn the orc wizard.
You kill the orc wizard!
The orc throws a boomerang.
The boomerang hits you.
* * * LOW HITPOINT WARNING * * *
The orc hits you but does no damage.
You are confused.
You feel invigorated. The orc hits you with a +0 hand axe.
* * * LOW HITPOINT WARNING * * *
You hit the orc but do no damage. The orc hits you with a +0 hand axe.
* * * LOW HITPOINT WARNING * * *
A ball python comes into view.
You're too confused to move!
You feel less invigorated.
You feel less confused.
The ball python hisses angrily.
The orc barely misses you.
You hit the orc. You burn the orc.
The orc is moderately wounded.
The orc hits you with a +0 hand axe!
* * * LOW HITPOINT WARNING * * *
You hit the orc but do no damage.
The orc is moderately wounded.
The orc hits you with a +0 hand axe.
You die...

.# .# .# # .# #.
.# #.. .#
#!..######.######
#....S.oo@......#
.......o######..#
...####.# #<# #.#
#.# #.# #.# #.#


You could see 3 orcs and a ball python.

Vanquished Creatures
  An orc wizard (D:3)
  2 gnolls (D:3)
  3 dart slugs
  2 orcs (D:3)
  7 ball pythons
  4 endoplasms
  2 giant cockroaches (D:2)
  4 goblins
  4 hobgoblins
  2 quokkas
  2 bats
  3 frilled lizards
  5 kobolds
  9 rats
50 creatures vanquished.

Notes
Turn   | Place    | Note
-------+----------+-------------------------------------------
     0 | D:1      | Gadfly the Demonspawn Monk began the quest for the Orb.
     0 | D:1      | Reached XP level 1. HP: 18/18 MP: 1/1
   252 | D:1      | Gained mutation: A meltable shield of frost defends you.
                  | (SH +4) [demonic ancestry]
   252 | D:1      | Reached XP level 2. HP: 22/24 MP: 2/2
   345 | D:1      | Reached skill level 1 in Evocations
   998 | D:1      | Found a faded altar of an unknown god.
  1149 | D:2      | Reached skill level 1 in Shapeshifting
  1210 | D:2      | Reached XP level 3. HP: 25/29 MP: 3/3
  1302 | D:2      | Found Cyak's Distillery.
  1338 | D:2      | Bought a potion of degeneration for 10 gold pieces
  1901 | D:3      | Reached XP level 4. HP: 8/35 MP: 4/4
  1910 | D:3      | Slain by an orc

Illustrated notes

Levels and vault maps discovered:
D:1:      shiori_shiawase, layout_basic, hellmonk_ecumenical_altar_lost_god,
          nicolae_eternal_life, interstate_on_off
D:2:      layout_loops_ring, serial_shops, shop
D:3:      layout_loops_ring, hangedman_feature_mirror

Skill      XL: |  1  2  3 |
---------------+----------+-----
Evocations     | 1 2 |  2.3
Shapeshifting  | 1 |  1.6
Dodging        | 3 |  3.1
Unarmed Combat | 3 |  3.1
Fighting       | |  3.0

Action                     |  1- 3 |  4- 6 || total
---------------------------+-------+-------++-------
  Melee: Unarmed           |    63 |       ||    63
         Hand axe          |    63 |     8 ||    71
    Use: Scroll            |     6 |       ||     6
         Potion            |       |     1 ||     1
 Armour: Robe              |    50 |     8 ||    58
  Dodge: Dodged            |    86 |     1 ||    87
